 Dungeon Crawl Stone Soup version 0.31-a0-1074-g0b22e4e0f1 (webtiles) character file.

Game seed: 12878963045869196434

81 CowFu the Shooter (level 4, -2/26 HPs)
             Began as a Kobold Hunter on Nov 26, 2023.
             Succumbed to Terence's poison
             ... on level 2 of the Dungeon on Nov 27, 2023.
             The game lasted 00:01:24 (1380 turns).

CowFu the Shooter (Kobold Hunter)                   Turns: 1380, Time: 00:01:24

Health: -2/26      AC:  4    Str:  8    XL:     4   Next: 67%
Magic:  4/4        EV: 14    Int: 10    God:
Gold:   42         SH:  0    Dex: 20    Spells: 3/3 levels left

rFire   . . .        a - +0 shortbow
rCold   . . .        (shield currently unavailable)
rNeg    . . .        c - +0 leather armour
rPois   .            e - +0 helmet
rElec   .            (no cloak)
rCorr   .            (no gloves)
SInv    .            (no boots)
Will    .....        (no amulet)
Stlth   +++          (no ring)
HPRegen 0.24/turn    (no ring)
MPRegen 0.09/turn

%: no passive effects
@: lethally poisoned (-2 -> -25)
A: small, no large weapons, nightstalker 3
a: no special abilities


You were on level 2 of the Dungeon.
You visited 1 branch of the dungeon, and saw 2 of its levels.

You collected 42 gold pieces.

Inventory:

Hand Weapons
 a - a +0 shortbow (weapon)
 b - a +0 short sword
Armour
 c - a +0 leather armour (worn)
 e - a +0 helmet (worn)
Scrolls
 d - a scroll of revelation {unknown}
 f - a scroll of butterflies
 j - 3 scrolls of blinking {unknown}
 k - a scroll of enchant armour {unknown}
Potions
 g - a potion of invisibility {unknown}
 h - 2 potions of degeneration {unknown}
 i - a potion of might {unknown}
 l - a potion of magic {unknown}


   Skills:
 - Level 2.1 Fighting
 + Level 7.6 Ranged Weapons
 - Level 2.4 Dodging
 - Level 1.3 Stealth


You had 3 spell levels left.
You didn't know any spells.
Your spell library contained the following spells:

 Spells                   Type           Power      Damage    Failure   Level
 Blink                    Tloc           0%         N/A       63%         2
 Lesser Beckoning         Tloc           0%         N/A       63%         2
 Momentum Strike          Conj/Tloc      0%         3d8       63%         2
 Dazzling Flash           Conj/Hex       0%         N/A       86%         3
 Agony                    Necr           0%         N/A       100%        5
 Silence                  Hex/Air        0%         N/A       100%        5


Dungeon Overview and Level Annotations

Branches:
Dungeon (2/15)

Altars:

Annotations:
D:2 Terence


Innate Abilities, Weirdness & Mutations

You are small and have problems with some larger weapons.
You are completely attuned to the shadows.


Message History

Terence is nearby!
You shoot an arrow. The arrow hits Terence.
Terence is moderately wounded.
Terence completely misses you.
Terence is nearby!
You shoot an arrow. The arrow hits Terence.
Terence is moderately wounded.
Terence barely misses you.
You shoot an arrow. The arrow hits Terence!
Terence is almost dead.
Terence hits you with a +1 short sword of venom.
You are poisoned.
You shoot an arrow.
The arrow hits Terence but does no damage.
Terence is almost dead.
You feel very sick.
Terence hits you with a +1 short sword of venom.
You are lethally poisoned!
You shoot an arrow. The arrow closely misses Terence.
You feel very sick.
Terence hits you with a +1 short sword of venom.
You are more poisoned.
You are too injured to fight recklessly!
You are too injured to fight recklessly!
You are too injured to fight recklessly!
Okay, then.
Fire: a) +0 shortbow
Press: ? - help, Q - select action Shift-Dir - straight line, f/p - Terence
Aim: Terence, wielding a +1 short sword of venom and wearing a +0 scale mail (almost dead, 69% to hit)
You shoot an arrow.
The arrow hits Terence but does no damage.
Terence is almost dead.
* * * LOW HITPOINT WARNING * * *
You feel very sick. Terence barely misses you.
Fire: a) +0 shortbow
Press: ? - help, Q - select action Shift-Dir - straight line, f/p - Terence
Aim: Terence, wielding a +1 short sword of venom and wearing a +0 scale mail (almost dead, 69% to hit)
You shoot an arrow. The arrow barely misses Terence.
You die...

#...........[....#
##'###...........# ##.#
#...........########
##.###...........'......#
....##...........#####.##
.#..#########+#### #.#
...)# #.# ....##
..########.# ......
...@@......# #...##
.########### #...# #...#.
..>... #.#.#. ....# .....
....#


You could see Terence.

Vanquished Creatures
  Jessica (D:2)
  An adder (D:2)
  3 dart slugs (D:1)
  2 ball pythons (D:1)
  5 endoplasms (D:1)
  A giant cockroach (D:1)
  5 hobgoblins
  2 kobolds (D:1)
  A quokka (D:1)
  5 bats
  2 frilled lizards (D:1)
  4 goblins
  5 rats
37 creatures vanquished.

Notes
Turn   | Place    | Note
-------+----------+-------------------------------------------
     0 | D:1      | CowFu the Kobold Hunter began the quest for the Orb.
     0 | D:1      | Reached XP level 1. HP: 12/12 MP: 1/1
   336 | D:1      | Reached XP level 2. HP: 17/17 MP: 2/2
   443 | D:1      | Reached skill level 6 in Ranged Weapons
   592 | D:1      | Reached XP level 3. HP: 21/21 MP: 3/3
  1248 | D:2      | Noticed Jessica
  1250 | D:2      | Killed Jessica
  1251 | D:2      | Reached skill level 7 in Ranged Weapons
  1251 | D:2      | Reached XP level 4. HP: 26/26 MP: 4/4
  1371 | D:2      | Noticed Terence
  1380 | D:2      | Succumbed to Terence's poison

Illustrated notes

Levels and vault maps discovered:
D:1:      dpeg_arrival_tiny_j, layout_basic
D:2:      layout_basic, uniq_terence, uniq_jessica

Skill      XL: |  1  2  3 |
---------------+----------+-----
Ranged Weapons | 6 7 |  7.6
Fighting       | |  2.1
Dodging        | |  2.4
Stealth        | |  1.3

Action                     |  1- 3 |  4- 6 || total
---------------------------+-------+-------++-------
   Fire: Shortbow          |    73 |    22 ||    95
 Armour: Leather armour    |    15 |     5 ||    20
  Dodge: Dodged            |    23 |    10 ||    33

Table legend: (Time is in decaauts)
 A = Elapsed time spent in this place.
 B = Non-inter-level travel time spent in this place.
 C = Inter-level travel time spent in this place.
 D = Time resting spent in this place.
 E = Time spent auto-exploring this place.
 F = Levels seen in this place.
 G = Mean time per level.
                   A        B        C        D        E       F      G
               +--------+--------+--------+--------+--------+-----+--------+
         Total |   1391 |   1297 |     94 |      0 |   1117 |   2 |  695.5 |
       Dungeon |   1391 |   1297 |     94 |      0 |   1117 |   2 |  695.5 |
               +--------+--------+--------+--------+--------+-----+--------+

Top non-repeatable levels by time:
     D:1: 1223 daAuts
     D:2: 168 daAuts
